 Dungeon Crawl Stone Soup version 0.29.1-13-g9f3cf754e1 (webtiles) character file.

Game seed: 14182325255433854924

144 FaviusArthum the Conjurer (level 5, -13/28 HPs)
             Began as a Deep Elf Conjurer on Jan 30, 2023.
             Killed from afar by Ijyb (14 damage)
             ... with an iceblast
             ... on level 3 of the Dungeon.
             The game lasted 00:08:16 (3022 turns).

FaviusArthum the Conjurer (Deep Elf Conjurer)       Turns: 3022, Time: 00:08:17

Health: -13/28     AC:  4    Str:  4    XL:     5   Next: 5%
Magic:  10/13      EV: 12    Int: 25    God:
Gold:   87         SH:  0    Dex: 13    Spells: 5/12 levels left

rFire   . . .      SeeInvis .   o - +1 mace (vorpal)
rCold   . . .      Faith    .   (no shield)
rNeg    . . .      Spirit   .   a - +0 robe
rPois   .          Reflect  .   i - +0 helmet
rElec   .          Harm     .   j - +0 cloak
rCorr   .          Rampage  .   (no gloves)
Will    +....                   (no boots)
Stlth   ++........              (no amulet)
HPRegen 0.09/turn               h - ring of willpower
MPRegen 0.13/turn               (no ring)

@: about to teleport
A: no striking features
a: no special abilities


You were on level 3 of the Dungeon.
You visited 1 branch of the dungeon, and saw 3 of its levels.

You collected 87 gold pieces.

Inventory:

Hand Weapons
 c - a +0 short sword
 n - a +0 dagger
 o - a +1 vorpal mace (weapon)
Armour
 a - a +0 robe (worn)
 i - a +0 helmet (worn)
 j - a +0 cloak (worn)
Jewellery
 h - a ring of willpower (left hand)
 t - a +6 ring of strength
Wands
 r - a wand of flame (22)
Scrolls
 d - a scroll of teleportation
 e - a scroll of fear {unknown}
 f - 2 scrolls of enchant armour {unknown}
 k - a scroll of enchant weapon {unknown}
 m - 2 scrolls of butterflies
 p - a scroll of poison {unknown}
 u - 2 scrolls of identify
Potions
 b - 2 potions of magic
 g - 2 potions of mutation
 l - a potion of brilliance {unknown}
 q - 2 potions of curing {unknown}
 s - a potion of berserk rage


   Skills:
 + Level 2.9 Dodging
 + Level 3.1 Stealth
 + Level 4.4 Spellcasting
 + Level 5.8 Conjurations
 * Level 1.3 Hexes


You had 5 spell levels left.
You knew the following spells:

 Your Spells              Type           Power      Damage    Failure   Level
a - Magic Dart            Conj           100%       1d8       1%          1
b - Searing Ray           Conj           68%        2d6       1%          2
c - Fulminant Prism       Conj/Hex       11%        3d9       21%         4

Your spell library contained the following spells:

 Spells                   Type           Power      Damage    Failure   Level
 Dazzling Flash           Conj/Hex       46%        N/A       6%          3
 Ozocubu's Armour         Ice            5%         N/A       26%         3
 Iskenderun's Mystic Bla  Conj/Tloc      20%        2d6       26%         4
 Passage of Golubria      Tloc           5%         N/A       65%         4


Dungeon Overview and Level Annotations

Branches:
Dungeon (3/15)

Altars:

Annotations:
D:3 3 runed translucent doors, Descartes's ghost, amateur DEEE; Ijyb


Message History

Okay, then.
Casting: Magic Dart (safe; 1% risk of failure)
Confirm with . or Enter, or press ? or * to list all spells.
Aiming: Magic Dart (safe; 1% risk of failure)
Press: ? - help, Shift-Dir - straight line, f - Ijyb
Aim: Ijyb, wielding a +0 dagger, wearing a +0 scale mail and carrying a wand of iceblast (7) (100% to hit)
The magic dart hits Ijyb.
Ijyb is moderately wounded.
Ijyb zaps a wand.
The mass of ice explodes!
The iceblast engulfs you.
Unknown command.
Aiming: Throw Flame
Press: ? - help, Shift-Dir - straight line, f/p - Ijyb
Aim: Ijyb, wielding a +0 dagger, wearing a +0 scale mail and carrying a wand of iceblast (6) (moderately wounded, 64% to hit)
The puff of flame hits Ijyb.
Ijyb is heavily wounded.
Saving game... please wait.
Level annotation: 3 runed translucent doors, Descartes's ghost, amateur DEEE; Ijyb Welcome back, FaviusArthum the Deep Elf Conjurer.
Press ? for a list of commands and other information.
Aiming: Throw Flame
Press: ? - help, Shift-Dir - straight line, f - Ijyb
Aim: Ijyb, wielding a +0 dagger, wearing a +0 scale mail and carrying a wand of iceblast (6) (heavily wounded, 64% to hit)
The puff of flame hits Ijyb.
Ijyb is heavily wounded.
Cast which spell? (? or * to list)
Aiming: Searing Ray (safe; 1% risk of failure)
Press: ? - help, Shift-Dir - straight line, f/p - Ijyb
Aim: Ijyb, wielding a +0 dagger, wearing a +0 scale mail and carrying a wand of iceblast (6) (heavily wounded, 78% to hit)
The searing ray hits Ijyb.
Ijyb is severely wounded. (Press . to maintain the ray.) Ijyb zaps a wand.
The mass of ice explodes!
The iceblast engulfs you!!
Ouch! That really hurt!
* * * LOW HITPOINT WARNING * * *
Unknown command.
As you read the scroll of teleportation, it crumbles to dust.
You feel strangely unstable.
Ijyb zaps a wand.
The mass of ice explodes!
The iceblast engulfs you!
Ouch! That really hurt!
You die...

# #. .... #.###.
#...# #..... #...#
#.....###...#
#.....g##...#
#..#...# ##.....#
....# ##....#
#..... #.@..#
#..... #....#
#..... ##...#
#..... #...####
#.....
##.....######.....
#####.##...'.....
#†##.###.....
#†...........
###..#####.....


You could see Ijyb.

Vanquished Creatures
  A jelly (D:3)
  Robin (D:2)
  3 adders
  3 worms
  3 dart slugs
  An orc (D:3)
  3 bats
  2 endoplasms (D:1)
  2 giant cockroaches
  13 goblins
  7 hobgoblins
  4 jackals (D:3)
  A quokka (D:1)
  2 ball pythons
  2 frilled lizards
  3 kobolds
  3 rats (D:2)
54 creatures vanquished.

Notes
Turn   | Place    | Note
-------+----------+-------------------------------------------
     0 | D:1      | FaviusArthum the Deep Elf Conjurer began the quest for the
                  | Orb.
     0 | D:1      | Reached XP level 1. HP: 10/10 MP: 6/6
   256 | D:1      | Reached XP level 2. HP: 15/15 MP: 0/8
   259 | D:1      | Learned a level 2 spell: Searing Ray
   706 | D:1      | Reached skill level 5 in Conjurations
   818 | D:1      | Got Qittosa's Handbook of Frosty Superposition
   963 | D:2      | Noticed Robin
  1288 | D:2      | Reached XP level 3. HP: 19/19 MP: 7/10
  1735 | D:2      | Killed Robin
  1848 | D:2      | Reached XP level 4. HP: 21/24 MP: 2/11
  1854 | D:2      | Learned a level 4 spell: Fulminant Prism
  2515 | D:3      | Found a runed translucent gate.
  2515 | D:3      | Found a runed translucent gate.
  2515 | D:3      | Found a runed translucent gate.
  2523 | D:3      | Noticed Descartes's ghost (amateur DEEE)
  2805 | D:3      | Found a faded altar of an unknown god.
  2855 | D:3      | Reached skill level 1 in Hexes
  2855 | D:3      | Reached XP level 5. HP: 21/28 MP: 7/13
  3014 | D:3      | Noticed Ijyb
  3021 | D:3      | HP: 1/28 [Ijyb/iceblast (21)]
  3022 | D:3      | Killed from afar by Ijyb

Illustrated notes

Levels and vault maps discovered:
D:1:      erik_arrival_triangle_large, layout_rooms, st_stairs_9
D:2:      layout_basic, uniq_robin
D:3:      layout_basic, gammafunk_ghost_necromancy,
          chequers_ecumenical_altar_simple, uniq_ijyb

Skill      XL: |  1  2  3  4 |
---------------+-------------+-----
Conjurations   | 5 |  5.8
Spellcasting   | 4 |  4.4
Stealth        | 3 |  3.1
Hexes          | 1 |  1.3
Dodging        | |  2.9

Action                   |  1- 3 |  4- 6 || total
-------------------------+-------+-------++-------
Melee: Mace              |       |     3 ||     3
 Cast: Magic Dart        |    63 |    30 ||    93
       Searing Ray       |    10 |     7 ||    17
Evoke: Wand              |       |     2 ||     2
  Use: Scroll            |     2 |     3 ||     5
Armor: Robe              |     2 |     3 ||     5
Dodge: Dodged            |     9 |     3 ||    12
